 Dungeon Crawl Stone Soup version 0.27.1-1-g398f81649c (webtiles) character file.

Game seed: 6523951280690043661

109 101zpm the Covered (level 4, 0/28 HPs)
             Began as a Gargoyle Fighter on Sept 19, 2021.
             Slain by a black bear (6 damage)
             ... on level 4 of the Dungeon.
             The game lasted 00:02:52 (3128 turns).

101zpm the Covered (Gargoyle Fighter)               Turns: 3128, Time: 00:02:52

Health: 0/28       AC: 11    Str: 21    XL:     4   Next: 89%
Magic:  4/4        EV:  7    Int:  8    God:
Gold:   124        SH:  9    Dex:  9    Spells: 3/3 levels left

rFire    . . .     SeeInvis .   a - +0 flail
rCold    . . .     Faith    .   c - +0 kite shield
rNeg     + . .     Spirit   .   b - +0 scale mail
rPois    ∞         Reflect  .   (no helmet)
rElec    +         Harm     .   r - +0 cloak
rCorr    .         Rampage  .   (no gloves)
Will     .....                  (no boots)
Stlth    ..........             (no amulet)
HPRegen  0.09/turn              (no ring)
MPRegen  0.09/turn              (no ring)

@: no status effects
A: sickness immunity, AC +3, negative energy resistance 1, electricity
resistance, torment resistance 1, petrification resistance
a: no special abilities


You were on level 4 of the Dungeon.
You visited 1 branch of the dungeon, and saw 4 of its levels.

You collected 124 gold pieces.

Inventory:

Hand Weapons
 a - a +0 flail (weapon)
Missiles
 g - 48 stones (quivered)
 n - 20 poisoned darts
 o - 50 bolts
 p - 30 arrows
 q - 38 sling bullets
Armour
 b - a +0 scale mail (worn)
 c - a +0 kite shield (worn)
 r - a +0 cloak (worn)
Scrolls
 e - a scroll of fog {unknown}
 f - a scroll of teleportation {unknown}
 h - a scroll of magic mapping {unknown}
 j - 3 scrolls of enchant weapon {unknown}
 l - a scroll of identify {unknown}
 m - a scroll of acquirement {unknown}
Potions
 d - a potion of might
 i - a potion of brilliance {unknown}
 k - 2 potions of curing {unknown}
 s - 2 potions of attraction {unknown}


   Skills:
 + Level 3.6 Fighting
 + Level 3.2 Maces & Flails
 + Level 4.2 Armour
 + Level 0.4 Dodging
 + Level 4.0 Shields


You had 3 spell levels left.
You didn't know any spells.
Your spell library contained the following spells:

 Spells                   Type           Power      Damage    Failure   Level
 Static Discharge         Conj/Air       0%         N/A       100%        2
 Dispel Undead            Necr           0%         3d6       100%        4
 Sticky Flame             Conj/Fire      0%         2d3       100%        4


Dungeon Overview and Level Annotations

Branches:
Dungeon (4/15)
 Temple: D:4-7

Altars:

Annotations:
D:4 Eustachio


Innate Abilities, Weirdness & Mutations

You are immune to sickness and miasma.
Your stone body is resilient. (AC +3)
You are immune to poison.
You resist negative energy. (rN+)
You are resistant to electric shocks. (rElec)
You are resistant to unholy torment.
You are immune to petrification.


Message History

The black bear is severely wounded.
The black bear bites you.
The black bear claws you but does no damage. x2
The black bear bites you but does no damage.
The black bear claws you but does no damage.
You block the black bear's attack.
Found 26 arrows.
You hit Eustachio but do no damage.
Eustachio mumbles some strange words.
You miss Eustachio. You block the bat's attack.
The bat hits you but does no damage. Eustachio hits you but does no damage.
You block Eustachio's attack. The bat barely misses you.
You closely miss Eustachio. You block the bat's attack.
Eustachio mumbles some strange words.
You barely miss Eustachio.
The river rat disappears in a puff of smoke!
Eustachio casts a spell.
Eustachio blinks!
You block the rat's attack.
You hit the black bear.
The black bear is severely wounded.
The black bear goes berserk!
The rat bites you but does no damage. You block the black bear's attack.
The black bear claws you but does no damage.
The black bear claws you. The rat barely misses you.
You closely miss the black bear.
The black bear is severely wounded.
You block the black bear's attack. x2
The black bear claws you but does no damage.
The black bear bites you but does no damage.
The black bear claws you.
* * * LOW HITPOINT WARNING * * *
The black bear claws you.
* * * LOW HITPOINT WARNING * * *
The rat bites you but does no damage.
Eustachio mumbles some strange words.
You closely miss the black bear.
The black bear is severely wounded.
The black bear closely misses you. You block the black bear's attack.
The black bear claws you.
You die...

#..## .... #..#
#..# ###
#..#####.
#...##!.......
##. #.#.#######
#####.#
#..########.#
#.....#
#.rrh@rb..(..
#.###.##
##5@########.#
##.####.###....##
................#
##.##.#.####...##
##....#.# ##.##
.....#.# #.#
##.#.##.# #.#
#.#.##.# #+#


You could see Eustachio, a black bear (berserk), a crimson imp (summoned), 2
river rats, a bat (summoned) and a rat (summoned).

Vanquished Creatures
  A water moccasin skeleton (D:4)
  An adder (D:3)
  A worm (D:2)
  2 dart slugs
  2 ball pythons
  5 endoplasms
  3 giant cockroaches
  3 goblins (D:1)
  6 hobgoblins
  2 jackals (D:3)
  9 kobolds
  A bat (D:1)
  5 frilled lizards
  6 rats
47 creatures vanquished.

Vanquished Creatures (others)
  A plant (D:4)
1 creature vanquished.

Grand Total: 48 creatures vanquished

Notes
Turn   | Place    | Note
-------+----------+-------------------------------------------
     0 | D:1      | 101zpm the Gargoyle Fighter began the quest for the Orb.
     0 | D:1      | Reached XP level 1. HP: 14/14 MP: 1/1
   563 | D:1      | Reached XP level 2. HP: 13/19 MP: 2/2
  1465 | D:2      | Reached XP level 3. HP: 15/23 MP: 3/3
  2836 | D:3      | Reached XP level 4. HP: 25/28 MP: 4/4
  3106 | D:4      | Noticed a black bear
  3108 | D:4      | Noticed Eustachio
  3128 | D:4      | Slain by a black bear

Illustrated notes

Levels and vault maps discovered:
D:1:      elethiomel_arrival_maze, layout_basic
D:2:      layout_loops_corners, minmay_quadrilaterals
D:3:      layout_rooms, minmay_misc_feat_pillars, kennysheep_generic_room_11
D:4:      kennysheep_kobold_camp, layout_loops_corners,
          minmay_temple_entry_junction, uniq_blork_the_orc, uniq_eustachio

Skill      XL: |  1  2  3  4 |
---------------+-------------+-----
Armour         | 4 |  4.2
Maces & Flails | 3 |  3.2
Shields        | 4 |  4.0
Fighting       | |  3.6
Dodging        | |  0.4

Action                   |  1- 3 |  4- 6 || total
-------------------------+-------+-------++-------
Melee: Flail             |   150 |    24 ||   174
Armor: Scale mail        |    86 |    27 ||   113
Dodge: Dodged            |    40 |     8 ||    48
Block: Kite shield       |    85 |    24 ||   109
